Map: Kairos Junction LE

Players

llIllllIllll - Winner!

  • Race: Protoss Protoss
  • Spawn Location: 5:00

chase

  • Race: Terran Terran
  • League: Diamond
  • Spawn Location: 11:00

VOD

Have the link to the VOD?

Description

Time

  • Played on: Jan. 28, 2019, 5:27 p.m.
  • Length: 21:14
Show
View Real Time Build Order
Export as new Build Order

llIllllIllll Protoss - Winner!

Build Orders:  

Get SALT Encoding   

  12  0:04  Probe  
  13  0:16  Probe  
  14  0:25  Pylon  
  14  0:28  Probe  
  15  0:43  Probe  
  16  0:52  Assimilator  
  16  1:10  Probe  
  17  1:22  Probe  
  18  1:31  Probe  
  18  1:39  Probe  
  20  1:48  Probe  
  21  2:00  Probe  
  22  2:08  Forge  
  22  2:20  Probe  
  14  3:11  Photon Cannon  
  14  3:15  Assimilator  
  14  3:23  Probe  
  15  3:31  Probe  
  16  3:43  Probe  
  17  4:36  Photon Cannon  
  17  5:05  Pylon  
  16  5:23  Assimilator  
  16  5:33  Gateway  
  16  5:35  Probe  
  17  5:43  Probe  
  18  5:55  Pylon  
  18  6:04  Pylon  
  18  6:07  Probe  
  19  6:39  Nexus  
  19  6:47  Probe  
  19  6:53  Zealot  
  20  6:59  Probe  
  23  7:26  Cybernetics Core  
  23  7:36  Zealot  
  24  8:10  Stalker  
  20  8:52  Stalker  
  22  9:00  Probe  
  21  9:12  Probe  
  21  9:13  Stalker  
  21  9:47  Shield Battery  
  9  10:13  Probe  
  10  10:22  Probe  
  11  10:57  Probe  
  11  11:12  Stalker  
  12  11:53  Stalker  
  10  12:05  Probe  
  11  12:17  Probe  
  12  12:29  Probe  
  13  12:39  Stalker  
  13  12:42  Probe  
  14  12:54  Probe  
  15  12:59  Stalker  
  15  13:06  Probe  
  18  13:18  Probe  
  19  13:26  Stalker  
  21  13:40  Probe  
  21  13:48  Probe  
  22  13:54  Stalker  
  25  14:33  Stalker  
  27  15:00  Probe  
  27  15:03  Stalker  
  30  15:47  Assimilator  
  30  15:49  Pylon  
  30  16:00  Probe  
  31  16:09  Shield Battery  
  31  16:13  Probe  
  33  16:19  Nexus  
  33  16:30  Nexus  
  32  16:43  Nexus  
  32  16:47  Probe  
  33  17:00  Probe  
  34  17:07  Stargate  
  34  17:12  Probe  
  35  17:39  Probe  
  35  17:41  Pylon  
  35  17:43  Probe  
  37  17:51  Probe  
  38  17:52  Phoenix  
  38  17:55  Probe  
  41  18:03  Shield Battery, Probe  
  42  18:07  Probe  
  43  18:14  Probe  
  43  18:19  Shield Battery  
  44  18:22  Probe  
  45  18:28  Assimilator  
  45  18:32  Assimilator  
  45  19:26  Probe x2  
  45  19:29  Void Ray  
  45  19:42  Probe  
  50  19:54  Probe  
  51  20:01  Gateway  
  51  20:03  Stargate  
  51  20:05  Stargate  
  51  20:06  Photon Cannon, Probe  
  52  20:20  Void Ray  
  56  20:33  Probe  
  56  20:34  Probe  
  56  20:36  Probe  
  56  20:42  Probe  
  59  20:48  Probe  
Show
View Real Time Build Order
Export as new Build Order

chase Terran 

Build Orders:  

Get SALT Encoding   

  12  0:00  SCV  
  13  0:13  SCV  
  14  0:20  Supply Depot  
  14  0:25  SCV  
  15  0:41  SCV  
  16  0:46  Refinery  
  16  0:51  Barracks  
  17  1:00  Barracks  
  16  1:04  SCV  
  17  1:16  SCV  
  18  1:20  Refinery  
  18  1:28  SCV  
  18  1:30  Supply Depot  
  19  1:38  Marine  
  20  1:45  Orbital Command  
  14  1:55  Marine  
    2:57  Reaper  
  1  3:09  SCV  
  2  3:22  SCV  
  3  3:34  SCV  
  3  3:44  Reaper  
  4  4:10  Reaper  
  2  4:41  Orbital Command  
  2  5:18  SCV  
  3  5:30  SCV  
  5  5:42  SCV  
  5  6:01  Refinery  
  5  6:02  SCV  
  6  6:30  SCV  
  7  6:54  Reaper  
  7  6:55  SCV  
  9  7:08  SCV  
  10  7:09  Reaper  
  11  7:25  SCV  
  11  7:26  Reaper  
  13  7:37  SCV  
  13  7:39  Supply Depot  
  14  7:47  Reaper  
  13  8:15  Reaper  
  14  8:25  Reaper  
  14  8:26  SCV  
  16  8:47  Reaper  
  15  8:57  Orbital Command  
  13  10:01  SCV  
  13  10:06  Refinery  
  12  10:13  SCV  
  13  10:21  Refinery  
  13  10:26  SCV  
  13  10:27  Supply Depot  
  14  10:38  SCV  
  15  10:54  Reaper  
  15  10:57  SCV  
  14  11:09  SCV  
  14  11:11  Reaper  
  13  11:37  Reaper  
  6  12:02  Reaper  
  6  12:05  SCV  
  8  12:09  Reaper  
  9  12:18  SCV  
  8  12:44  SCV  
  8  12:56  SCV, Factory  
  9  13:08  SCV  
  9  13:10  Marine x2  
  12  13:20  SCV  
  14  13:42  SCV  
  14  13:45  Factory Tech Lab  
  15  13:55  Reaper  
  5  14:44  Reaper  
Tags
 
Add a new tag
Caveats
  • Supply blocks, unpowered buildings, or Contaminate may cause inaccurate times.
  • Supply counts are checked every 10 seconds.